 Dungeon Crawl Stone Soup version 0.21.1-1-g345015f (webtiles) character file.

534 vatarom the Firebug (level 7, 50/50 HPs)
             Began as a White Draconian Fire Elementalist on Apr 6, 2018.
             Quit the game on level 4 of the Dungeon.
             The game lasted 00:10:31 (3683 turns).

vatarom the Firebug (DrFE)                          Turns: 3683, Time: 00:10:31

Health: 50/50      AC:  8    Str: 10    XL:     7   Next: 4%
Magic:  12/12      EV: 12    Int: 21    God:
Gold:   233        SH:  0    Dex: 11    Spells: 3/13 levels left

rFire    . . .     SeeInvis .   j - +7 hand axe "Qiran" {elec, rPois rC+ rN+ Int+3}
rCold    + + .     Gourm    .   (no shield)
rNeg     + . .     Faith    .   (armour unavailable)
rPois    +         Spirit   .   (helmet restricted)
rElec    .         Reflect  .   e - +0 cloak {MR+}
rCorr    .         Harm     .   (no gloves)
MR       +....                  l - +0 pair of boots
Stlth    ++........             (no amulet)
HPRegen  0.16/turn              (no ring)
MPRegen  0.13/turn              (no ring)

@: no status effects
A: breathe frost, unfitting armour, cold resistance 1, cold-blooded, AC +6
a: Breathe Frost


You were on level 4 of the Dungeon.
You were not hungry.

You visited 1 branch of the dungeon, and saw 5 of its levels.

You collected 233 gold pieces.

Inventory:

Hand Weapons
 j - the +7 hand axe "Qiran" (weapon) {elec, rPois rC+ rN+ Int+3}
   (You found it on level 4 of the Dungeon)

   Occasionally, upon striking a foe, it will discharge some electrical energy
   and cause terrible harm.
   It affects your intelligence (+3).
   It protects you from cold.
   It protects you from poison.
   It protects you from negative energy.
Armour
 e - a +0 cloak of magic resistance (worn)
 l - a +0 pair of boots (worn)
Scrolls
 k - a scroll of immolation
 n - a scroll of fog
 o - a scroll of blinking
Potions
 f - a potion of flight
 h - a potion of agility
 i - a potion of lignification {unknown}
 m - a potion of invisibility {unknown}
Books
 a - a book of Flames

   Spells                             Type                      Level
   a - Flame Tongue                   Conjuration/Fire             1
   b - Throw Flame                    Conjuration/Fire             2
   c - Conjure Flame                  Conjuration/Fire             3
   d - Inner Flame                    Hexes/Fire                   3
   e - Sticky Flame                   Conjuration/Fire             4
   f - Fireball                       Conjuration/Fire             5
Comestibles
 b - 4 rations
 d - 3 chunks of flesh


   Skills:
 - Level 1.7 Dodging
 - Level 1.7 Stealth
 + Level 3.9 Spellcasting
 * Level 3.7 Conjurations
 - Level 5.0 Fire Magic


You had 3 spell levels left.
You knew the following spells:

 Your Spells              Type           Power        Failure   Level  Hunger
a - Flame Tongue          Conj/Fire      ###..        1%          1    None
b - Throw Flame           Conj/Fire      ###...       3%          2    #......
c - Conjure Flame         Conj/Fire      ###.....     6%          3    ###....
d - Sticky Flame          Conj/Fire      ###.....     21%         4    ####...


Dungeon Overview and Level Annotations

Branches:
Dungeon (5/15)
 Temple: D:4-7

Altars:
Nemelex Xobeh


Innate Abilities, Weirdness & Mutations

You can breathe waves of freezing cold.
You can buffet flying creatures when you breathe cold.
Your icy white scales are hard. (AC +6)
You cannot fit into any form of body armour.
Your flesh is cold resistant. (rC+)
You are cold-blooded and may be slowed by cold attacks.


Message History

Press: ? - help, Shift-Dir - straight line, f/p - scorpion
Aim: a scorpion (almost dead)
The sticky flame hits the scorpion.
The scorpion is almost dead.
The scorpion is covered in liquid flames!
The scorpion burns!
You kill the scorpion!
Your Fire Magic skill increases to level 6!
You have reached level 7!
Your scales start taking on an icy white colour.
You learn Fire Magic much slower.
Your Fire Magic skill decreases to level 5!
You learn Ice Magic much quicker.
You can breathe waves of freezing cold.
You can buffet flying creatures when you breathe cold.
You feel resistant to cold.
You start resting.
Some of the chunks of flesh in your inventory have rotted away.
You start resting.
Magic restored.
Are you sure you want to abandon this character and quit the game? (Confirm with "yes".)

#.......# #.......# #.......#
#.......# #.......# #######
#.......# ......# #.......#
......# #.@.....# ......#
######.[.....#
......####............#####......
##.....(.......########...#......
#.............#......#...#......
#.............+......#...#......
#.............#......'...#...†..
##.............#......#...#......
...#######.....########...#......


There were no monsters in sight!

Vanquished Creatures
  Menkaure (D:4)
  A scorpion (D:4)
  An orc priest (D:4)
  A bullfrog skeleton (D:4)
  An orc wizard (D:4)
  2 iguanas (D:4)
  2 worker ants (D:4)
  2 adders
  7 gnolls
  An ooze (D:4)
  An adder zombie (D:2)
  2 worms (D:2)
  A dart slug (D:2)
  3 leopard geckos
  8 orcs (D:4)
  5 bats
  2 giant cockroaches
  12 goblins
  7 hobgoblins
  3 jackals
  2 kobolds
  A quokka (D:4)
  A ball python (D:1)
  5 frilled lizards
  8 rats
80 creatures vanquished.

Notes
Turn   | Place    | Note
-------+----------+-------------------------------------------
     0 | D:1      | vatarom the Draconian Fire Elementalist began the quest for the Orb.
     0 | D:1      | Reached XP level 1. HP: 14/14 MP: 3/3
   153 | D:1      | Reached XP level 2. HP: 17/20 MP: 5/5
   351 | D:1      | Learned a level 2 spell: Throw Flame
   639 | D:1      | Reached XP level 3. HP: 26/26 MP: 4/6
  1032 | D:2      | Reached skill level 4 in Fire Magic
  1200 | D:1      | Reached XP level 4. HP: 11/33 MP: 0/7
  2031 | D:3      | Found a sparkling altar of Nemelex Xobeh.
  2458 | D:4      | Reached XP level 5. HP: 31/38 MP: 2/9
  2472 | D:3      | Learned a level 3 spell: Conjure Flame
  2529 | D:3      | Learned a level 4 spell: Sticky Flame
  2624 | D:3      | Reached skill level 5 in Fire Magic
  2729 | D:4      | Noticed Menkaure
  2794 | D:4      | Killed Menkaure
  2794 | D:4      | Reached XP level 6. HP: 45/45 MP: 3/11
  2865 | D:4      | Got a warped hand axe
  2866 | D:4      | Identified the +7 hand axe "Qiran" {elec, rPois rC+ rN+ Int+3} (You found it on level 4 of the Dungeon)
  2919 | D:5      | Entered Level 5 of the Dungeon
  3603 | D:4      | Reached skill level 6 in Fire Magic
  3603 | D:4      | Your scales start taking on an icy white colour.
  3603 | D:4      | Reduced skill Fire Magic to level 5
  3603 | D:4      | Reached XP level 7. HP: 50/50 MP: 1/12
  3603 | D:4      | Gained mutation: Your flesh is cold resistant. (rC+) [White Draconian growth]
  3683 | D:4      | Quit the game

Skill      XL: |  1  2  3  4  5  6 |
---------------+-------------------+-----
Conjurations   | 2 3 |  3.7
Fire Magic     | 4 5 5 |  5.0
Spellcasting   | 3 |  3.9
Dodging        | |  1.7
Stealth        | |  1.7

Action                   |  1- 3 |  4- 6 |  7- 9 || total
-------------------------+-------+-------+-------++-------
Melee: Unarmed           |    10 |       |       ||    10
       Dagger            |    31 |    18 |       ||    49
       Tailslap          |     5 |     3 |       ||     8
       Hand axe          |       |    17 |       ||    17
 Cast: Flame Tongue      |    46 |    99 |       ||   145
       Throw Flame       |       |     1 |       ||     1
       Sticky Flame      |       |     3 |       ||     3
  Use: Scroll            |     2 |     9 |       ||    11
 Stab: Sleeping          |     1 |       |       ||     1
       Distracted        |       |     1 |       ||     1
  Eat: Chunk             |     1 |     5 |       ||     6
       Ration            |       |     1 |       ||     1
Armor: Skin              |    36 |    28 |       ||    64
Dodge: Dodged            |    58 |    58 |       ||   116
